 Dungeon Crawl Stone Soup version 0.26.0-7-g794d0892b4 (webtiles) character file.

Game seed: 8330287826372517131

11081 trckry the Destroyer (level 11, -10/55 HPs)
             Began as a Vine Stalker Conjurer on Jan 10, 2021.
             Was an Elder of Vehumet.
             Mangled by a gargoyle
             ... wielding a +0 mace
              (18 damage)
             ... on level 11 of the Dungeon.
             The game lasted 00:46:14 (14365 turns).

trckry the Destroyer (Vine Stalker Conjurer)       Turns: 14365, Time: 00:46:15

Health: -10/55     AC:  4    Str: 10    XL:     11   Next: 72%
Magic:  0/20       EV: 14    Int: 21    God:    Vehumet [****..]
Gold:   629        SH:  0    Dex: 13    Spells: 12/21 levels left

rFire    . . .     SeeInvis .   D - +0 lajatang
rCold    + . .     Faith    .   (shield currently unavailable)
rNeg     . . .     Spirit   +   a - +2 robe {rC+}
rPois    .         Reflect  .   (no helmet)
rElec    .         Harm     .   (no cloak)
rCorr    .         Rampage  .   (no gloves)
Will     +....                  (no boots)
Stlth    ++........             (no amulet)
HPRegen  0.58/turn              (no ring)
MPRegen  0.17/turn              (no ring)

@: no status effects
A: fangs 3, regeneration 1, magic shield, antimagic bite, no potion heal 3
a: Renounce Religion


You were on level 11 of the Dungeon.
You worshipped Vehumet.
Vehumet was greatly pleased with you.
You visited 2 branches of the dungeon, and saw 12 of its levels.
You also visited: Sewer.

You collected 739 gold pieces.
You spent 110 gold pieces at shops.

Inventory:

Hand Weapons
 q - a +0 dagger of venom
 D - a +0 lajatang (weapon)
Missiles
 u - 2 curare-tipped darts (quivered)
Armour
 a - a +2 robe of cold resistance (worn)
Magical Staves
 E - a cursed staff of cold
Jewellery
 g - an uncursed ring of ice {unknown}
 p - an uncursed ring of poison resistance {unknown}
Wands
 s - a wand of polymorph (18)
 G - a wand of digging (4)
Scrolls
 b - 3 scrolls of fog {unknown}
 c - 2 scrolls of magic mapping {unknown}
 e - 8 scrolls of amnesia
 f - 8 scrolls of teleportation
 h - 17 scrolls of identify
 i - 5 scrolls of remove curse {unknown}
 m - 2 scrolls of immolation {unknown}
 n - 3 scrolls of enchant armour {unknown}
 o - 5 scrolls of enchant weapon {unknown}
 t - 2 scrolls of fear {unknown}
 v - 6 scrolls of random uselessness {unknown}
 y - 2 scrolls of blinking {unknown}
 C - a scroll of silence {unknown}
 H - 3 scrolls of holy word {unknown}
 J - 2 scrolls of summoning {unknown}
Potions
 d - 5 potions of curing {unknown}
 j - a potion of might {unknown}
 k - 2 potions of magic {unknown}
 l - 3 potions of cancellation {unknown}
 r - 4 potions of mutation {unknown}
 w - a potion of attraction {unknown}
 x - 7 potions of heal wounds {unknown}
 z - 4 potions of brilliance {unknown}
 A - 2 potions of lignification {unknown}
 B - a potion of haste {unknown}
 F - 2 potions of resistance {unknown}
 I - 2 potions of flight {unknown}


   Skills:
 - Level 5.0 Fighting
 + Level 4.2 Staves
 - Level 5.0 Dodging
 - Level 2.4 Stealth
 + Level 5.7 Spellcasting
 * Level 10.9 Conjurations
 + Level 5.8 Summonings
 + Level 2.7 Air Magic
 - Level 5.0 Earth Magic
 + Level 5.7 Evocations


You had 12 spell levels left.
You knew the following spells:

 Your Spells              Type           Power        Failure   Level
a - Magic Dart            Conj           100%         1%          1
b - Searing Ray           Conj           100%         1%          2
c - Summon Lightning Spi  Summ/Air       24%          17%         4
d - Swiftness             Air            17%          4%          2

Your spell library contained the following spells:

 Spells                   Type           Power        Failure   Level
 Airstrike                Air            8%           9%          4
 Foxfire                  Conj/Fire      100%         1%          1
 Shock                    Conj/Air       100%         1%          1
 Summon Small Mammal      Summ           100%         1%          1
 Call Imp                 Summ           30%          1%          2
 Conjure Flame            Conj/Fire      29%          1%          3
 Dazzling Flash           Conj/Hex       58%          1%          3
 Static Discharge         Conj/Air       34%          1%          3
 Iskenderun's Battlesphe  Conj           51%          1%          5
 Call Canine Familiar     Summ           30%          2%          3
 Fulminant Prism          Conj/Hex       14%          3%          4
 Iskenderun's Mystic Bla  Conj/Tloc      29%          3%          4
 Sticky Flame             Conj/Fire      29%          3%          4
 Lightning Bolt           Conj/Air       17%          4%          5
 Fireball                 Conj/Fire      14%          8%          5
 Inner Flame              Hex/Fire       6%           9%          3
 Summon Guardian Golem    Hex/Summ       18%          9%          3
 Bolt of Magma            Conj/Fire/Erth 14%          9%          5
 Corona                   Hex            6%           10%         1
 Slow                     Hex            6%           16%         2
 Iron Shot                Conj/Erth      19%          16%         6
 Orb of Destruction       Conj           25%          24%         7
 Portal Projectile        Hex/Tloc       12%          30%         3
 Summon Ice Beast         Ice/Summ       18%          30%         4
 Leda's Liquefaction      Hex/Erth       8%           34%         4
 Spellforged Servitor     Conj/Summ      20%          54%         7
 Cause Fear               Hex            3%           69%         4


Dungeon Overview and Level Annotations

Branches:
Dungeon (11/15)            Temple (1/1) D:7            Lair (0/6) D:8
    Orc (0/2) D:9           Sewer (visited)

Altars:
Ashenzari
Cheibriados
Dithmenos
Elyvilon
Fedhas
Gozag
Hepliaklqana
Kikubaaqudgha
Makhleb
Nemelex Xobeh
Okawaru
Qazlal
Ru
Sif Muna
Trog
Uskayaw
Vehumet
Wu Jian
Xom
Yredelemnul
Zin
The Shining One

Shops:
D:5 (   D:8 ?   D:10 ?   D:11 (

Annotations:
D:5 2 transporters


Innate Abilities, Weirdness & Mutations

You have razor-sharp teeth.
Your natural rate of healing is unusually fast.
When hurt, damage is shared between your health and your magic reserves.
Your bite disrupts and absorbs the magic of your enemies.
Potions cannot restore your health.


Message History

Okay, then.
Press: ? - help, v - describe, . - travel, g - get item
Here: a gargoyle, wielding a +0 mace (heavily damaged) Item here: a yak corpse.
The floor.
Okay, then.
Unknown command.
Your +0 dagger of venom stops dripping with poison.
D - a +0 lajatang (weapon)
You barely miss the gargoyle.
The gargoyle is heavily damaged.
The gargoyle misses you.
You hit the gargoyle but do no damage.
The gargoyle is heavily damaged.
The gargoyle hits you with a +0 mace!
* * * LOW HITPOINT WARNING * * *
You hit the gargoyle but do no damage.
The gargoyle is heavily damaged.
The gargoyle hits you with a +0 mace!!
You die...

.............#
#.##..........^..
..........##.#
#.##..###...###/
....#.....##.#
#.##..# #...#
....._....##.#
#.##..# #...#
....#.....##.#
#.##..# #...#
..........##.#
#†##..# #.Y.#
..........##.#
#†##..# #...#
..........##.#
#9##..# #...#
.............#
#@# .....
##############
###


You could see a gargoyle.

Vanquished Creatures
  Erica (D:9)
  2 two-headed ogres
  Pikel (D:4)
  A wizard (D:10)
  An ugly thing (D:11)
  A hornet (D:8)
  A shadow (D:9)
  A wyvern (D:9)
  8 yaks
  A soldier ant (D:11)
  3 orc warriors
  Purgy (Sewer)
  4 sky beasts
  5 ice beasts
  3 phantoms
  A black bear (D:11)
  2 necrophages
  4 centaurs
  8 ogres
  4 lemures
  3 big kobolds
  9 bullfrogs
  A wyvern skeleton (D:11)
  3 scorpions
  2 troll zombies (D:9)
  19 wights
  3 howler monkeys
  A quasit (D:11)
  4 orc priests
  6 hounds
  7 jellies
  A bullfrog skeleton (D:5)
  6 orc wizards
  4 iguanas
  5 worker ants
  6 ogre zombies (D:9)
  3 worker ant zombies
  15 adders
  2 white imps
  An ooze (D:1)
  2 adder zombies (D:9)
  4 adder skeletons
  4 worms
  A dart slug (D:1)
  3 leopard geckos
  23 orcs
  3 ball pythons
  12 giant cockroaches
  8 goblins
  6 hobgoblins
  11 jackals
  21 kobolds
  A quokka (D:7)
  A ball python skeleton (D:4)
  8 bats
  6 frilled lizards
  2 goblin skeletons (D:9)
  2 goblin zombies (D:9)
  2 hobgoblin zombies (D:9)
  A leopard gecko skeleton (D:7)
  2 orc skeletons (D:9)
  17 orc zombies (D:9)
  A quokka skeleton (D:4)
  A quokka zombie (D:8)
  8 rats
304 creatures vanquished.

Vanquished Creatures (collateral kills)
  An efreet (D:10)
1 creature vanquished.

Vanquished Creatures (others)
  An orc wizard (D:10)
1 creature vanquished.

Grand Total: 306 creatures vanquished

Notes
Turn   | Place    | Note
-------+----------+-------------------------------------------
     0 | D:1      | trckry the Vine Stalker Conjurer began the quest for the
                  | Orb.
     0 | D:1      | Reached XP level 1. HP: 9/9 MP: 4/4
   216 | D:1      | Reached XP level 2. HP: 14/14 MP: 3/6
   277 | D:1      | Learned a level 2 spell: Searing Ray
   849 | D:1      | Reached XP level 3. HP: 17/17 MP: 5/7
  1315 | D:2      | Reached skill level 1 in Fighting
  1844 | D:2      | Gained mutation: Your natural rate of healing is unusually
                  | fast. [Vine Stalker growth]
  1844 | D:2      | Reached XP level 4. HP: 22/22 MP: 5/9
  3288 | D:3      | Found a hazy altar of Hepliaklqana.
  3529 | D:3      | Found an ornate altar of the Wu Jian Council.
  3529 | D:3      | Found a radiant altar of Vehumet.
  3530 | D:3      | Found a burning altar of Makhleb.
  3537 | D:3      | Became a worshipper of Vehumet
  3734 | D:4      | Noticed a lemure
  3735 | D:4      | Noticed Pikel
  3735 | D:4      | Noticed a lemure
  3735 | D:4      | Noticed a lemure
  3736 | D:4      | Noticed a lemure
  3916 | D:4      | Reached skill level 5 in Conjurations
  3916 | D:4      | Reached XP level 5. HP: 25/25 MP: 5/10
  3994 | D:4      | Found a blossoming altar of Fedhas.
  4040 | D:4      | Noticed a centaur
  4151 | D:3      | Killed a lemure
  4260 | D:3      | Killed a lemure
  4324 | D:4      | Killed a centaur
  4390 | D:4      | Noticed an ogre
  4395 | D:4      | Killed an ogre
  4396 | D:4      | Reached XP level 6. HP: 30/30 MP: 6/12
  4414 | D:4      | Found a glowing drain.
  4430 | Sewer    | Entered a sewer
  4560 | Sewer    | Noticed Purgy
  4565 | Sewer    | Killed Purgy
  4651 | Sewer    | Reached skill level 6 in Conjurations
  4651 | Sewer    | Reached XP level 7. HP: 32/35 MP: 6/13
  5319 | D:4      | Killed Pikel
  5320 | D:4      | Reached skill level 7 in Conjurations
  5320 | D:4      | Reached skill level 1 in Evocations
  5320 | D:4      | Gained mutation: You have razor-sharp teeth. [Vine Stalker
                  | growth]
  5320 | D:4      | Reached XP level 8. HP: 28/40 MP: 0/15
  5799 | D:5      | Entered Level 5 of the Dungeon
  5829 | D:5      | Found a transporter.
  5870 | D:5      | Found a transporter.
  5940 | D:5      | Reached * piety under Vehumet
  5940 | D:5      | Offered knowledge of Shock by Vehumet.
  6102 | D:5      | Found Lific's Antique Weapon Shop.
  7074 | D:6      | Reached skill level 1 in Summonings
  7080 | D:6      | Reached skill level 1 in Earth Magic
  7354 | D:6      | Reached skill level 5 in Spellcasting
  7354 | D:6      | Reached XP level 9. HP: 22/45 MP: 5/17
  7722 | D:6      | Reached skill level 8 in Conjurations
  8315 | D:6      | Reached ** piety under Vehumet
  8467 | D:6      | Offered knowledge of Freeze by Vehumet.
  8885 | D:7      | Found a broken altar of Ashenzari.
  9310 | D:7      | Found a staircase to the Ecumenical Temple.
  9348 | Temple   | Entered the Ecumenical Temple
  9501 | D:7      | Found a shadowy altar of Dithmenos.
  9898 | D:8      | Found Sipreotu's Magic Scroll Shoppe.
  9907 | D:8      | Bought a scroll of identify for 26 gold pieces
  9907 | D:8      | Bought a scroll of noise for 13 gold pieces
  9991 | D:8      | Reached XP level 10. HP: 51/51 MP: 14/18
 10084 | D:8      | Reached skill level 9 in Conjurations
 10096 | D:8      | Found a staircase to the Lair.
 10184 | D:8      | Reached skill level 1 in Staves
 10193 | D:8      | Reached skill level 5 in Dodging
 10306 | D:7      | Reached skill level 5 in Fighting
 10850 | D:9      | Noticed Erica
 11028 | D:9      | Noticed a two-headed ogre
 11060 | D:9      | Killed Erica
 11162 | D:9      | Offered knowledge of Stone Arrow by Vehumet.
 11308 | D:9      | Found a staircase to the Orcish Mines.
 11309 | D:9      | Reached *** piety under Vehumet
 11513 | D:9      | Offered knowledge of Sticky Flame by Vehumet.
 11679 | D:9      | Reached skill level 10 in Conjurations
 12134 | D:9      | Killed a two-headed ogre
 12135 | D:9      | Reached skill level 5 in Summonings
 12135 | D:9      | Reached skill level 5 in Evocations
 12135 | D:9      | Reached XP level 11. HP: 55/55 MP: 14/19
 12171 | D:9      | Learned a level 4 spell: Summon Lightning Spire
 12361 | D:10     | Entered Level 10 of the Dungeon
 12429 | D:10     | Found Hualynle's Magic Scroll Emporium.
 12437 | D:10     | Bought a scroll of amnesia for 38 gold pieces
 12437 | D:10     | Bought a scroll of teleportation for 33 gold pieces
 12450 | D:10     | Reached skill level 5 in Earth Magic
 12716 | D:10     | Reached **** piety under Vehumet
 12770 | D:10     | Found a shimmering altar of Xom.
 12802 | D:10     | Offered knowledge of Airstrike by Vehumet.
 12854 | D:10     | Reached skill level 1 in Air Magic
 13231 | D:10     | Noticed a wizard
 13236 | D:10     | Killed a wizard
 13342 | D:10     | Learned a level 2 spell: Swiftness
 13385 | D:11     | Found a shimmering altar of Xom.
 13390 | D:11     | Noticed a two-headed ogre
 13420 | D:11     | Killed a two-headed ogre
 13465 | D:11     | Noticed a white ugly thing
 13472 | D:11     | Killed a white ugly thing
 13590 | D:11     | Found Odi Ahec's Antique Weapon Shoppe.
 14365 | D:11     | Mangled by a gargoyle

Illustrated notes

Levels and vault maps discovered:
D:1:      dpeg_arrival_round_b, layout_basic, minmay_surrounded
D:2:      layout_rooms, chequers_serial_rivers_large_b, minmay_worlds_worst_comb
D:3:      layout_basic, nzn_hepliaklqana_mist_gate,
          gammafunk_temple_overflow_claw
D:4:      layout_basic, fedhas_bush_and_centaur_altar,
          cheibrodos_sewer_entry_sluice, minmay_fractal_squares_diagonal_5,
          uniq_pikel
D:5:      gammafunk_steamed_eel, layout_basic, serial_shops, shop
D:6:      layout_layer_cave, chequers_jeans, st_stairs_4
D:7:      layout_basic, kennysheep_mini_moat, minmay_temple_entry_stoned_glass,
          nicolae_dithmenos_shadow_blocks
D:8:      layout_cave_pools, lair_entry_dummy, serial_shops, shop
D:9:      layout_loops_ring, zombieorc2_lemuel, uniq_erica
D:10:     layout_big_octagon, basic_altar, serial_shops, shop_scrolls,
          minmay_librarian
D:11:     layout_long_grid, serial_shops, nicolae_shop_stone,
          hangedman_feature_mirror, nicolae_qazlal_eye_of_the_storm
Temple:   eino_temple_rhombus

Skill      XL: |  1  2  3  4  5  6  7  8  9 10 11 |
---------------+----------------------------------+-----
Fighting       | 1 2 3 4 5 |  5.0
Dodging        | 2 3 4 5 |  5.0
Spellcasting   | 3 4 5 |  5.7
Conjurations   | 5 6 7 8 10 | 10.9
Evocations     | 1 2 3 5 |  5.7
Summonings     | 2 3 5 |  5.8
Earth Magic    | 1 3 4 5 |  5.0
Staves         | 3 4 |  4.2
Air Magic      | 2 |  2.7
Stealth        | |  2.4

Action                   |  1- 3 |  4- 6 |  7- 9 | 10-12 || total
-------------------------+-------+-------+-------+-------++-------
Melee: Unarmed           |       |     1 |       |       ||     1
       Dagger            |       |       |    17 |     2 ||    19
       Bite              |       |       |     6 |       ||     6
       Lajatang          |       |       |       |     3 ||     3
Throw: Dart              |       |       |       |     5 ||     5
 Cast: Magic Dart        |    51 |     5 |     9 |    10 ||    75
       Searing Ray       |    14 |    36 |    72 |   134 ||   256
       Summon Lightning  |       |       |       |     2 ||     2
Evoke: Wand              |       |       |       |     1 ||     1
Armor: Robe              |    11 |     6 |     7 |     7 ||    31
Dodge: Dodged            |    26 |    34 |    44 |    70 ||   174
